 Dungeon Crawl Stone Soup version 0.30-a0-652-gcc886f7154 (webtiles) character file.

Game seed: 16897236240953596323

42575 greasedhog the Brawler (level 13, -15/123 (131) HPs)
             Began as a Troll Fighter on Jan 11, 2023.
             Was a High Priest of Wu Jian.
             Demolished by an orc knight
             ... wielding a +0 great mace
              (38 damage)
             ... on level 2 of the Orcish Mines on Jan 18, 2023.
             The game lasted 00:22:18 (10814 turns).

greasedhog the Brawler (Troll Fighter)             Turns: 10814, Time: 00:22:18

HP:   -15/123 (131) AC:  9    Str: 27    XL:     13   Next: 86%
MP:   12/12         EV: 10    Int:  8    God:    Wu Jian [*****.]
Gold: 1088          SH: 10    Dex:  9    Spells: 12/12 levels left

rFire   + . .      SeeInvis +      - Unarmed
rCold   . . .      Faith    .    b - +0 kite shield
rNeg    . . .      Spirit   .    h - +0 steam dragon scales
rPois   .          Reflect  .    A - +1 hat {Will+}
rElec   .          Harm     .    u - +0 cloak
rCorr   .          Rampage  .    (gloves unavailable)
Will    +....                    (boots unavailable)
Stlth   +                        p - amulet of regeneration
HPRegen 2.00/turn                n - ring of see invisible
MPRegen 0.13/turn                o - ring of protection from fire

@: about to teleport, spiked, drained
A: large, unfitting armour, claws 3, regeneration 1, shaggy fur 1, tough skin 1
a: Renounce Religion, Wall Jump, Serpent's Lash, Heavenly Storm


You were on level 2 of the Orcish Mines.
You worshipped Wu Jian.
Wu Jian was extremely pleased with you.
You visited 3 branches of the dungeon, and saw 15 of its levels.
You also visited: Bailey.

You collected 1280 gold pieces.
You spent 192 gold pieces at shops.

Inventory:

Missiles
 L - 16 boomerangs (quivered)
 Q - 2 curare-tipped darts
Armour
 b - a +0 kite shield (worn)
 h - +0 steam dragon scales (worn)
 u - a +0 cloak (worn)
 A - a +1 hat of willpower (worn)
 R - a +2 robe of cold resistance
Jewellery
 e - a ring of magical power
 n - a ring of see invisible (left claw)
 o - a ring of protection from fire (right claw)
 p - an amulet of regeneration (around neck)
 F - a ring of positive energy
 J - a ring of protection from fire
 P - the amulet of Nessaj {RegenMP rCorr Int+2}
   (You found it in a bailey)

   [amulet of magic regeneration]

   It increases your rate of magic regeneration.
   Int:       It affects your intelligence (+2).
   rCorr:     It protects you from acid and corrosion.
 V - a ring of protection from fire
Wands
 a - a wand of light (3)
 z - a wand of iceblast (10)
 O - a wand of flame (25)
 U - a wand of polymorph (5)
Scrolls
 d - 2 scrolls of enchant armour
 m - 2 scrolls of vulnerability
 r - 7 scrolls of teleportation
 s - a scroll of acquirement {unknown}
 t - a scroll of immolation {unknown}
 v - 4 scrolls of poison {unknown}
 x - 5 scrolls of fear
 y - a scroll of torment {unknown}
 B - a scroll of enchant weapon {unknown}
 C - a scroll of silence
 H - 2 scrolls of butterflies {unknown}
 K - a scroll of magic mapping {unknown}
 M - 6 scrolls of fog
 N - a scroll of brand weapon {unknown}
 S - a scroll of amnesia {unknown}
 X - a scroll of noise {unknown}
Potions
 c - 4 potions of might
 f - 2 potions of heal wounds
 g - 3 potions of resistance
 i - 6 potions of flight
 j - 7 potions of curing
 k - 2 potions of attraction {unknown}
 l - 2 potions of brilliance {unknown}
 q - 2 potions of lignification {unknown}
 w - 2 potions of degeneration {unknown}
 D - 2 potions of invisibility {unknown}
 E - a potion of berserk rage {unknown}
 G - a potion of cancellation {unknown}
 I - 2 potions of mutation {unknown}
 T - a potion of magic {unknown}
 W - a potion of haste {unknown}


   Skills:
 + Level 9.6 Fighting
 + Level 7.9 Dodging
 + Level 10.5 Shields
 * Level 15.3 Unarmed Combat


You had 12 spell levels left.
You didn't know any spells.
Your spell library contained the following spells:

 Spells                   Type           Power      Damage    Failure   Level
 Sandblast                Erth           0%         2d4       61%         1
 Blink                    Tloc           0%         N/A       75%         2
 Lesser Beckoning         Tloc           0%         N/A       75%         2
 Momentum Strike          Conj/Tloc      0%         3d8       75%         2
 Passwall                 Tmut/Erth      0%         N/A       75%         2
 Sublimation of Blood     Necr           0%         N/A       75%         2
 Wereblood                Tmut           0%         N/A       75%         2
 Ozocubu's Armour         Ice            0%         N/A       93%         3
 Stone Arrow              Conj/Erth      0%         3d7       93%         3
 Animate Dead             Necr           0%         N/A       100%        4
 Haunt                    Necr/Summ      0%         N/A       100%        7
 Ozocubu's Refrigeration  Ice            0%         4d7       100%        7
 Summon Hydra             Summ           0%         N/A       100%        7
 Infestation              Necr           0%         N/A       100%        8


Dungeon Overview and Level Annotations

Branches:
Dungeon (12/15)            Temple (1/1) D:5            Lair (0/5) D:8
    Orc (2/2) D:12            Elf (0/3) Orc:2        Bailey (visited)

Altars:
Ashenzari
Cheibriados
Dithmenos
Elyvilon
Fedhas
Gozag
Hepliaklqana
Kikubaaqudgha
Makhleb
Nemelex Xobeh
Okawaru
Qazlal
Ru
Sif Muna
Trog
Uskayaw
Vehumet
Wu Jian
Xom
Yredelemnul
Zin
The Shining One

Shops:
D:3 (   D:4 [   D:11 (   Orc:2 (


Innate Abilities, Weirdness & Mutations

You are too large for most types of armour.
You have claws for hands.
Your natural rate of healing is unusually fast.
You are covered in fur. (AC +1)
You have tough skin. (AC +1)


Message History

An orc knight comes into view. It is wielding a +3 war axe.
You closely miss the orc sorcerer. The orc knight completely misses you.
The orc sorcerer gestures wildly while chanting.
The red devil hits you from afar with a +0 trident!
Barbed spikes become lodged in your body.
The orc knight barely misses you.
You closely miss the orc sorcerer.
The hellwing gives a chilling moan.
You block the orc knight's attack.
The orc sorcerer hits you with a +0 dagger!
The red devil hits you but does no damage.
The orc knight hits you with a +0 great mace!
As you read the scroll of teleportation, it crumbles to dust.
You feel strangely unstable.
The orc knight no longer looks unusually strong.
The orange demon barely misses you.
The orange demon hits you but does no damage.
The orc knight hits you with a +3 great sword.
The orc knight roars a battlecry!
The orc knight goes into a battle-frenzy!
The orc sorcerer gestures at you while chanting.
You resist with almost no effort.
The red devil hits you from afar with a +0 trident!
* * * LOW HITPOINT WARNING * * *
Barbed spikes become lodged in your body.
The orc knight hits you with a +0 great mace!
* * * LOW HITPOINT WARNING * * *
You hear a shout!
You feel much better.
You hear a shout!
The orange demon stings you. The orange demon hits you.
* * * LOW HITPOINT WARNING * * *
The orc knight roars a battlecry!
The orc knights go into a battle-frenzy!
You block the orc sorcerer's attack.
The red devil hits you from afar with a +0 trident!
* * * LOW HITPOINT WARNING * * *
Barbed spikes become lodged in your body.
The orc knight hits you with a +0 great mace!!!
You die...

.).................####..##
....##..............# #...#
....#..............## ##.##
...................# ###
....#..............#
##########.#########
######.######
#..........4###
...####.####o@o## #.#
###o4## #.# ##o4# #.# ##o#
#.# #o# ... #.o))# ...
##oo## #o. ...


You could see 3 orc knights, an orange demon (summoned), an orc sorcerer
(strong) and a red devil (summoned).

Vanquished Creatures
  An orc warlord (Bailey)
  2 ogre magi (D:12)
  3 two-headed ogres
  An orc high priest (Orc:2)
  An orc knight (Orc:2)
  2 deep elf zephyrmancers (D:12)
  3 deep elf pyromancers (D:12)
  3 manticores (D:12)
  An ugly thing (D:12)
  2 orc sorcerers (Orc:2)
  A gargoyle (D:11)
  A komodo dragon (D:12)
  An unseen horror (D:12)
  A troll (Orc:1)
  Prince Ribbit (D:9)
  A hornet (D:9)
  2 shadows (D:12)
  2 vampires
  4 wraiths
  A wyvern (D:9)
  18 yaks
  2 steam dragons
  A basilisk (D:12)
  3 vampire mosquitoes (D:11)
  2 wargs (Orc:1)
  3 acid dragons
  2 water moccasins (D:6)
  2 ice beasts
  A sky beast (D:6)
  15 orc warriors
  9 ogres
  11 centaurs
  3 kobold brigands
  2 bullfrogs
  5 scorpions
  2 wyvern zombies (D:6)
  2 gnoll sergeants
  2 necrophages
  A water moccasin zombie (D:6)
  4 wights
  18 killer bees
  3 howler monkeys
  7 electric eels (D:10)
  A centaur zombie (D:6)
  8 hounds
  A human zombie (D:6)
  2 bullfrog zombies (D:6)
  10 orc priests
  4 iguanas
  Terence (D:2)
  Ijyb (D:4)
  Natasha (D:2)
  16 orc wizards
  A killer bee zombie (D:6)
  A mummy (D:6)
  A howler monkey zombie (D:6)
  Robin (D:4)
  14 gnolls
  5 adders
  A shadow imp (D:5)
  2 white imps
  3 worms
  A dart slug (D:1)
  38 orcs
  6 bats
  4 endoplasms
  5 giant cockroaches
  21 goblins
  6 hobgoblins
  2 jackals (D:4)
  3 quokkas
  11 ball pythons
  4 frilled lizards
  25 kobolds
  6 rats
358 creatures vanquished.

Vanquished Creatures (others)
  A kobold demonologist (D:12)
  An orc (D:10)
  A hobgoblin (D:4)
3 creatures vanquished.

Grand Total: 361 creatures vanquished

Notes
Turn   | Place    | Note
-------+----------+-------------------------------------------
     0 | D:1      | greasedhog the Troll Fighter began the quest for the Orb.
     0 | D:1      | Reached XP level 1. HP: 22/22 MP: 0/0
   140 | D:1      | Reached XP level 2. HP: 26/29 MP: 1/1
   635 | D:1      | Reached XP level 3. HP: 36/36 MP: 2/2
   686 | D:2      | Noticed Terence
   692 | D:2      | Killed Terence
   693 | D:2      | Reached skill level 3 in Unarmed Combat
   728 | D:2      | Found a faded altar of an unknown god.
   741 | D:2      | Reached XP level 4. HP: 44/44 MP: 3/3
   915 | D:2      | Found an opulent altar of Gozag.
  1050 | D:2      | Noticed Natasha
  1057 | D:2      | Killed Natasha
  1388 | D:3      | Reached XP level 5. HP: 53/53 MP: 4/4
  1417 | D:3      | Reached skill level 4 in Unarmed Combat
  1547 | D:3      | Found Nimiluq's Weapon Shop.
  1792 | D:4      | Noticed Robin
  1807 | D:4      | Killed Robin
  1853 | D:4      | Found Ebes's Armour Shoppe.
  1878 | D:4      | Noticed Ijyb
  1882 | D:4      | Killed Ijyb
  1914 | D:4      | Noticed an ogre
  1926 | D:4      | Killed an ogre
  1927 | D:4      | Reached XP level 6. HP: 26/61 MP: 5/5
  2215 | D:4      | Reached skill level 5 in Unarmed Combat
  2313 | D:4      | Found a stormy altar of Qazlal.
  2682 | D:4      | Bought a +1 hat of willpower for 192 gold pieces
  2762 | D:5      | Entered Level 5 of the Dungeon
  2766 | D:5      | Reached XP level 7. HP: 68/68 MP: 6/6
  2780 | D:5      | Found a shimmering altar of Xom.
  2780 | D:5      | Found a blossoming altar of Fedhas.
  2869 | D:5      | Found a staircase to the Ecumenical Temple.
  2886 | Temple   | Entered the Ecumenical Temple
  3045 | Temple   | Became a worshipper of the Wu Jian Council
  3166 | D:5      | Reached skill level 6 in Unarmed Combat
  3271 | D:5      | Found a hazy altar of Hepliaklqana.
  3340 | D:5      | Upgraded the game from 0.30-a0-626-gd6a5dd7a1f to
                  | 0.30-a0-652-gcc886f7154
  4082 | D:6      | Reached skill level 5 in Shields
  4082 | D:6      | Reached XP level 8. HP: 74/79 MP: 7/7
  4087 | D:6      | Reached skill level 7 in Unarmed Combat
  4255 | D:6      | Reached skill level 5 in Fighting
  4266 | D:6      | Reached * piety under Wu Jian
  4268 | D:6      | Found a basalt altar of Yredelemnul.
  4292 | D:6      | Reached skill level 8 in Unarmed Combat
  4386 | D:6      | Identified the +7 chain mail "Egoneski" {-Cast Rampage rN++
                  | Regen+}
  4589 | D:6      | Found a shimmering blue altar of Sif Muna.
  4626 | D:6      | Noticed a two-headed ogre
  4643 | D:6      | Killed a two-headed ogre
  4644 | D:6      | Reached skill level 9 in Unarmed Combat
  4644 | D:6      | Reached XP level 9. HP: 62/89 MP: 8/8
  4661 | D:6      | Found a glowing golden altar of the Shining One.
  5427 | D:7      | Reached ** piety under Wu Jian
  5693 | D:7      | Found the +2 Maxwell's thermic engine {flame, freeze}
  5721 | D:7      | Found a burning altar of Makhleb.
  5810 | D:8      | Found a staircase to the Lair.
  5925 | D:8      | Reached skill level 10 in Unarmed Combat
  6074 | D:8      | Reached XP level 10. HP: 89/100 MP: 9/9
  6121 | D:8      | Found a flagged portal.
  6141 | Bailey   | Entered a bailey
  6147 | Bailey   | Noticed an orc warlord
  6164 | Bailey   | Reached *** piety under Wu Jian
  6307 | Bailey   | Found a runed translucent gate.
  6311 | Bailey   | Found a runed translucent gate.
  6313 | Bailey   | Found a runed translucent gate.
  6430 | Bailey   | Killed an orc warlord
  6431 | Bailey   | Reached skill level 11 in Unarmed Combat
  6490 | Bailey   | Identified the amulet of Nessaj {RegenMP rCorr Int+2}
  6492 | Bailey   | Reached skill level 5 in Dodging
  6492 | Bailey   | Reached skill level 12 in Unarmed Combat
  6492 | Bailey   | Reached XP level 11. HP: 110/110 MP: 10/10
  7061 | D:9      | Noticed Prince Ribbit
  7085 | D:9      | Killed Prince Ribbit
  7290 | D:9      | Reached **** piety under Wu Jian
  7568 | D:10     | Entered Level 10 of the Dungeon
  7605 | D:10     | Reached skill level 13 in Unarmed Combat
  7824 | D:10     | Found a radiant altar of Vehumet.
  7851 | D:10     | Reached XP level 12. HP: 107/119 MP: 11/11
  8623 | D:11     | Found Foelibb's Weapon Boutique.
  9109 | D:11     | Noticed a two-headed ogre
  9112 | D:11     | Killed a two-headed ogre
  9176 | D:11     | Reached skill level 14 in Unarmed Combat
  9176 | D:11     | Reached XP level 13. HP: 131/131 MP: 12/12
  9405 | D:12     | Reached skill level 10 in Shields
  9592 | D:12     | Reached ***** piety under Wu Jian
  9598 | D:12     | Found a staircase to the Orcish Mines.
  9954 | D:12     | Reached skill level 15 in Unarmed Combat
 10051 | D:12     | Found the +12 glaive of Prune {freeze, Prune}
 10129 | Orc:1    | Entered Level 1 of the Orcish Mines
 10195 | Orc:2    | Entered Level 2 of the Orcish Mines
 10195 | Orc:2    | Found a staircase to the Elven Halls.
 10788 | Orc:2    | Found Zoixox's Weapon Emporium.
 10803 | Orc:2    | Paralysed by an orc sorcerer for 4 turns
 10814 | Orc:2    | Demolished by an orc knight

Illustrated notes

Levels and vault maps discovered:
D:1:      dpeg_arrival_rhombi, layout_basic, minmay_misc_feat_square
D:2:      layout_loops_cross, shapermc_ecumenical_altar_mp_highgroup,
          basic_altar, uniq_natasha, uniq_terence
D:3:      layout_rooms, serial_shops, nicolae_shop_bloodbath_and_beyond
D:4:      layout_basic, mainiacjoe_overflow_surrounded_room, serial_shops,
          nicolae_inconvenience_store, small_statue_alley_b, uniq_ijyb,
          uniq_robin
D:5:      layout_basic, old_standard_altar, nicolae_overflow_two_pavilions,
          temple_green
D:6:      layout_loops_cross, lemuel_mausoleum_altar_yredelemnul,
          nicolae_tso_carved_into_rock, mainiacjoe_overflow_alcove_1
D:7:      layout_basic, lemuel_coloured_pillars_altar, corexii_leaking_fountain
D:8:      layout_basic, dpeg_oklobed_lair, enter_bailey_5
D:9:      layout_roguey, uniq_prince_ribbit1
D:10:     layout_basic, mainiacjoe_overflow_small_starburst,
          chequers_serial_rivers_micro_a
D:11:     layout_roguey, serial_shops, shop, roderic_serpentine_path
D:12:     layout_long_grid, david_orc_3, minmay_guarded_unrand_prune
Temple:   hellmonk_temple_forest_ring
Orc:1:    layout_diamond_mine, basic_altar, lemuel_statue_altar
Orc:2:    st_orc_elflike, layout_diamond_mine, basic_altar,
          nicolae_orc_lava_room

Skill      XL: |  1  2  3  4  5  6  7  8  9 10 11 12 13 |
---------------+----------------------------------------+-----
Shields        | 3 4 5 6 7 8 9 10 | 10.5
Unarmed Combat | 3 4 5 6 9 10 12 13 14 15 | 15.3
Fighting       | 3 4 5 6 7 8 9 |  9.6
Dodging        | 3 5 6 7 |  7.9

Action                   |  1- 3 |  4- 6 |  7- 9 | 10-12 | 13-15 || total
-------------------------+-------+-------+-------+-------+-------++-------
Melee: Unarmed           |    80 |   160 |   336 |   400 |   217 ||  1193
Throw: Dart              |       |       |     2 |       |       ||     2
       Boomerang         |       |       |       |     6 |    18 ||    24
Invok: Lunge             |       |       |    15 |    24 |    17 ||    56
       Whirlwind         |       |       |     4 |    42 |    30 ||    76
Evoke: Wand              |       |     3 |     3 |    14 |     1 ||    21
  Use: Scroll            |       |     6 |     2 |     2 |     2 ||    12
       Potion            |       |       |       |     3 |     1 ||     4
 Stab: Sleeping          |     1 |     1 |       |       |       ||     2
       Invisible         |       |       |     1 |     4 |       ||     5
Armor: Robe              |    37 |    36 |       |       |       ||    73
       Animal skin       |       |    13 |   112 |    31 |       ||   156
       Steam dragon scal |       |       |       |    59 |    38 ||    97
Dodge: Dodged            |    12 |    42 |   113 |   118 |    70 ||   355
Block: Kite shield       |    28 |    49 |   128 |   138 |    75 ||   418

Table legend: (Time is in decaauts)
 A = Elapsed time spent in this place.
 B = Non-inter-level travel time spent in this place.
 C = Inter-level travel time spent in this place.
 D = Time resting spent in this place.
 E = Time spent auto-exploring this place.
 F = Levels seen in this place.
 G = Mean time per level.
                   A        B        C        D        E       F      G
               +--------+--------+--------+--------+--------+-----+--------+
         Total |  10782 |  10373 |    409 |    246 |   7824 |  16 |  673.9 |
       Dungeon |   9581 |   9212 |    369 |    203 |   7046 |  12 |  798.4 |
        Temple |    174 |    143 |     31 |      0 |    133 |   1 |  174.0 |
  Orcish Mines |    675 |    666 |      9 |     43 |    452 |   2 |  337.5 |
        Bailey |    350 |    350 |      0 |      0 |    193 |   1 |  350.0 |
               +--------+--------+--------+--------+--------+-----+--------+

Top non-repeatable levels by time:
     D:5: 1096 daAuts
     D:4: 979 daAuts
    D:10: 974 daAuts
    D:12: 917 daAuts
     D:6: 891 daAuts
     D:7: 860 daAuts
     D:9: 775 daAuts
     D:1: 666 daAuts
     D:8: 661 daAuts
     D:2: 643 daAuts
    D:11: 624 daAuts
   Orc:2: 541 daAuts
     D:3: 490 daAuts
  Bailey: 350 daAuts
  Temple: 174 daAuts
